cohdb
Replays
Latest Replays
All Replays
Popular Replays
Top Player Replays
Match Explorer
How It Works
Community
CoH3 Stats
Reddit
Sign in to upload your games and track your stats! →
Sign in with Steam
Match 41856795
Unlisted
Match 41856795
Overview
Messages
Build Orders
End
Construct Barracks
Riflemen Squad
Riflemen Squad
1⁄4-ton 4x4 Truck
Selects Armored Battlegroup
Selects Veteran Crews
Grenade Package
Construct Medical Station
Riflemen Squad
Infantry Support Center
Riflemen Squad
Construct Motor Pool
M8 Greyhound Armored Car
Selects Fast Deploy
Riflemen Squad
Engineer Squad
Demolitions Package
M24 Chaffee Light Tank
Construct Tank Depot
Selects M31 Recovery Vehicle
Selects War Machine
Selects M8 Scott SPG
M18 Hellcat Tank Destroyer
That Guy
(502) Bad Gateway
0
0
Comments
sign in to comment!
No comments posted yet!